 Dungeon Crawl Stone Soup version 0.31.0-32-g396128a36d (webtiles) character file.

Game seed: 6813878039747154289

1171 Raggedy the Changeling (level 8, -1/54 HPs)
             Began as an Octopode Shapeshifter on Mar 11, 2024.
             Slain by an orc wizard
             ... wielding a +0 dagger
              (4 damage)
             ... on level 6 of the Dungeon.
             The game lasted 00:08:29 (4981 turns).

Raggedy the Changeling (Octopode Shapeshifter)      Turns: 4981, Time: 00:08:30

Health: -1/54      AC:  1    Str: 13    XL:     8   Next: 41%
Magic:  8/8        EV: 19    Int: 12    God:
Gold:   346        SH:  5    Dex: 26    Spells: 7/7 levels left

rFire   + .          .
                       - Unarmed
rCold   . . .        (shield currently unavailable)
rNeg    . . .        (helmet restricted)
rPois   .            h - amulet of reflection
rElec   .            d - +6 ring of dexterity
rCorr   .            D - +6 ring of dexterity
SInv    .            F - ring of protection from fire
Will    .....        (no ring)
Stlth   ++           (no ring)
HPRegen 0.29/turn    (no ring)
MPRegen 0.11/turn    (no ring)
                     (no ring)

%: reflection
@: lethally poisoned (-1 -> -17), flux-form, glowing
A: glow, contaminating, almost no armour, amphibious, 8 rings, camouflage 1,
gelatinous body 1, (nimble swimmer 1), tentacles
a: Begin Untransformation


You were on level 6 of the Dungeon.
You were something dangerously unstable.
You visited 2 branches of the dungeon, and saw 7 of its levels.

You collected 346 gold pieces.


Innate Abilities, Weirdness & Mutations

You are something dangerously unstable.
You glow with magical radiation, making you easy to see and hit.
Foes you strike become dangerously contaminated with magical radiation.
You are incapable of wielding weapons or throwing items.
You cannot wear most types of armour.
You are amphibious.
You can wear up to eight rings at the same time.
Your skin changes colour to match your surroundings (Stealth+).
Your rubbery body absorbs attacks. (AC +1, EV +1)
((You are camouflaged when in or above water. (Stealth+)))
You have tentacles for arms and can constrict up to eight enemies at once.


   Skills:
 + Level 4.3 Fighting
 + Level 3.4 Dodging
 + Level 4.0 Stealth
 + Level 4.3 Unarmed Combat
 - Level 7.0 Shapeshifting


You had 7 spell levels left.
You didn't know any spells.
Your spell library contained the following spells:

 Spells                   Type           Power      Damage    Failure   Level
 Freeze                   Ice            0%         1d3       32%         1
 Lesser Beckoning         Tloc           0%         N/A       45%         2
 Frozen Ramparts          Ice            0%         1d1       69%         3
 Gell's Gravitas          Tloc           0%         N/A       69%         3
 Hailstorm                Conj/Ice       0%         3d5       69%         3
 Stone Arrow              Conj/Erth      0%         3d7       69%         3
 Teleport Other           Tloc           0%         N/A       69%         3
 Vhi's Electric Charge    Tloc/Air       0%         N/A       97%         4
 Arcjolt                  Conj/Air       0%         1d10      100%        5
 Lehudib's Crystal Spear  Conj/Erth      0%         10d2      100%        8
 Maxwell's Capacitive Co  Air            0%         ∞         100%        8
 Animate Armour           Summ/Erth      Unusable   N/A       N/A         4

Inventory:

Missiles
 w - 5 poisoned darts (quivered)
Magical Staves
 m - a staff of conjuration {!a}
Jewellery
 d - a +6 ring of dexterity (left tentacle)
 h - an amulet of reflection (around mantle)
 o - an amulet of faith {!P}
 D - a +6 ring of dexterity (right tentacle)
 F - a ring of protection from fire (on tentacle)
Talismans
 b - a beast talisman
 c - a flux talisman (active)
 e - a blade talisman
Wands
 s - a wand of polymorph (3)
 x - a wand of flame (10)
Scrolls
 g - 2 scrolls of enchant weapon
 j - a scroll of immolation {unknown}
 l - 3 scrolls of teleportation {unknown}
 p - a scroll of revelation {unknown}
 r - 2 scrolls of vulnerability {unknown}
 t - a scroll of amnesia
 u - a scroll of fear {unknown}
Potions
 a - a potion of lignification
 f - 4 potions of mutation
 i - a potion of degeneration {unknown}
 k - a potion of enlightenment
 n - 2 potions of brilliance
 q - 4 potions of curing {@q1}
 v - a potion of cancellation
 z - a potion of might
 A - a potion of magic {unknown}

Dungeon Overview and Level Annotations

Branches:
Dungeon (6/15)             Temple (1/1) D:5

Altars:
Ashenzari
Dithmenos
Hepliaklqana
Kikubaaqudgha
Makhleb
Nemelex Xobeh
Qazlal
Ru
Sif Muna
Trog
Uskayaw
Vehumet
Wu Jian
Xom

Shops:
D:1 [

Annotations:
D:3 exclusion: goblin

#...#...................
#####..#...............#
##.#...............#
#.........##..#...
#.#...............
...##....##...........
........###.).........
#....##.####)oo.......
##...#...##...p.......
#.##$...#...oo.......
......................
..#.................##
##..............##..
#.........##...... .
#........##......#
........... ......#
..........#. ..


You could see an orc wizard (contam) and 3 orcs.


Message History

The orc wizard is heavily wounded.
You feel sick. The orc completely misses you. Something barely misses you.
Unknown command.
You feel sick. The orc attacks as it pursues you! The orc barely misses you.
The orc wizard completely misses you. Something completely misses you.
You feel sick.
The orc wizard points at you and mumbles some strange words.
The puff of flame hits you. You resist.
* * * LOW HITPOINT WARNING * * *
The orc attacks as it pursues you! The orc misses you.
The orc hits you but does no damage.
Unknown command.
You feel sick.
The orc wizard hits you with a +0 dagger of venom.
* * * LOW HITPOINT WARNING * * *
You are more poisoned.
The orc completely misses you. The orc attacks as it pursues you!
The orc misses you.
Your magical effects are unravelling.
You feel magically purged.
You feel less confused.
* * * LOW HITPOINT WARNING * * *
You feel sick.
The orc wizard hits you with a +0 dagger of venom.
* * * LOW HITPOINT WARNING * * *
The orc hits you with a +3 dagger of venom.
* * * LOW HITPOINT WARNING * * *
You are more poisoned.
The orc completely misses you. The orc closely misses you. Something hits you.
You die...

Skill      XL: |  1  2  3  4  5  6  7  8 |
---------------+-------------------------+-----
Fighting       | 2 3 4 |  4.3
Stealth        | 1 2 3 4 |  4.0
Dodging        | 3 |  3.4
Unarmed Combat | 4 |  4.3
Shapeshifting  | 4 6 7 |  7.0

Action                     |  1- 3 |  4- 6 |  7- 9 || total
---------------------------+-------+-------+-------++-------
  Melee: Unarmed           |    82 |   122 |    70 ||   274
         Tentacles         |    12 |    29 |    25 ||    66
         Constrict         |    16 |    30 |    14 ||    60
         Punch             |       |     4 |     1 ||     5
  Throw: Dart              |       |     1 |     6 ||     7
    Use: Potion            |       |     5 |     2 ||     7
         Scroll            |       |       |     8 ||     8
   Stab: Sleeping          |     6 |    17 |     2 ||    25
         Invisible         |       |     2 |       ||     2
         Distracted        |       |     1 |       ||     1
 Armour: Skin              |    29 |    38 |    37 ||   104
  Dodge: Dodged            |    51 |    59 |    51 ||   161
  Block: Other             |       |     8 |    13 ||    21
   Form: Flux              |       |       |     1 ||     1

Levels and vault maps discovered:
D:1:      dpeg_arrival_erosion, layout_loops_ring, serial_shops,
          nicolae_shop_real_fake_doors, chequers_serial_rivers_micro_c,
          minmay_nonomino_d4
D:2:      wander_river, layout_rooms, basic_altar
D:3:      layout_basic, uniq_robin, uniq_ijyb
D:4:      layout_basic, mainiacjoe_overflow_alcove_4
D:5:      layout_cave_pods, mainiacjoe_overflow_paths,
          minmay_temple_entry_stoned_glass, grunt_ministairs_7,
          serial_bayou_ford_a, uniq_blork_the_orc
D:6:      minmay_flawed_box, layout_cave_pools, uniq_prince_ribbit1
Temple:   minmay_temple_curvy_loop

Notes
Turn   | Place    | Note
-------+----------+-------------------------------------------
     0 | D:1      | Raggedy the Octopode Shapeshifter began the quest for the
                  | Orb.
     0 | D:1      | Reached XP level 1. HP: 13/13 MP: 1/1
   168 | D:1      | Reached skill level 2 in Fighting
   168 | D:1      | Reached XP level 2. HP: 19/19 MP: 2/2
   186 | D:1      | Found Ykkezagh's Armour Boutique.
   552 | D:1      | Reached XP level 3. HP: 24/25 MP: 3/3
   747 | D:1      | Reached skill level 3 in Fighting
   997 | D:2      | Found a sacrificial altar of Ru.
  1172 | D:2      | Reached skill level 1 in Stealth
  1186 | D:2      | Reached XP level 4. HP: 5/31 MP: 4/4
  1186 | D:2      | Identified a potion of resistance
  1186 | D:2      | HP: 3/31 [poisoned by an adder]
  1750 | D:3      | Noticed Robin
  1760 | D:3      | Killed Robin
  1761 | D:3      | Reached skill level 2 in Stealth
  2038 | D:3      | Noticed Ijyb
  2163 | D:3      | Reached XP level 5. HP: 36/36 MP: 5/5
  2811 | D:4      | Noticed an ogre
  2824 | D:4      | Killed an ogre
  2825 | D:4      | Reached skill level 4 in Fighting
  2825 | D:4      | Reached skill level 3 in Dodging
  2825 | D:4      | Reached skill level 3 in Stealth
  2825 | D:4      | Reached skill level 4 in Unarmed Combat
  2825 | D:4      | Reached XP level 6. HP: 43/43 MP: 6/6
  3189 | D:4      | Found a stormy altar of Qazlal.
  3414 | D:5      | Entered Level 5 of the Dungeon
  3533 | D:3      | Killed Ijyb
  3534 | D:3      | Reached skill level 4 in Shapeshifting
  3952 | D:5      | Found a staircase to the Ecumenical Temple.
  3961 | Temple   | Entered the Ecumenical Temple
  3985 | D:5      | Reached XP level 7. HP: 20/48 MP: 7/7
  4120 | D:5      | Found a sparkling altar of Nemelex Xobeh.
  4179 | D:5      | Noticed a steam dragon
  4193 | D:5      | Killed a steam dragon
  4194 | D:5      | Reached skill level 5 in Shapeshifting
  4377 | D:5      | Noticed Blork the orc
  4387 | D:5      | Killed Blork the orc
  4768 | D:5      | Reached skill level 6 in Shapeshifting
  4877 | D:6      | Reached XP level 8. HP: 54/54 MP: 8/8
  4889 | D:6      | Reached skill level 7 in Shapeshifting
  4975 | D:6      | Reached skill level 4 in Stealth
  4981 | D:6      | HP: 3/54 [orc/+3 dagger of venom (3)]
  4981 | D:6      | Slain by an orc wizard

Vanquished Creatures
  A steam dragon (D:5)
  2 water moccasins (D:6)
  2 ogres
  A phantom (D:5)
  Blork the orc (D:5)
  3 hounds
  2 jellies (D:5)
  3 iguanas
  Ijyb (D:3)
  2 sleepcaps (D:6)
  An orc wizard (D:6)
  Robin (D:3)
  6 adders
  A shadow imp (D:5)
  2 ufetubi (D:5)
  2 dart slugs
  3 orcs
  7 bats
  12 endoplasms
  3 giant cockroaches
  17 goblins
  13 hobgoblins
  3 jackals (D:5)
  2 quokkas (D:1)
  8 ball pythons
  6 frilled lizards
  7 kobolds
  8 rats
120 creatures vanquished.

Table legend: (Time is in decaauts)
 A = Elapsed time spent in this place.
 B = Non-inter-level travel time spent in this place.
 C = Inter-level travel time spent in this place.
 D = Time resting spent in this place.
 E = Time spent auto-exploring this place.
 F = Levels seen in this place.
 G = Mean time per level.
                   A        B        C        D        E       F      G
               +--------+--------+--------+--------+--------+-----+--------+
         Total |   4960 |   4688 |    272 |    511 |   3362 |   7 |  708.6 |
       Dungeon |   4959 |   4687 |    272 |    511 |   3362 |   6 |  826.5 |
        Temple |      1 |      1 |      0 |      0 |      0 |   1 |    1.0 |
               +--------+--------+--------+--------+--------+-----+--------+

Top non-repeatable levels by time:
     D:5: 1088 daAuts
     D:3: 1042 daAuts
     D:4: 1005 daAuts
     D:1: 994 daAuts
     D:2: 681 daAuts
     D:6: 145 daAuts
  Temple: 1 daAuts

Table legend:
 A = Non-vault XP
 B = Vault XP
 C = Vault XP percentage of total XP
 D = Non-vault monster count
 E = Vault monster count
 F = Vault count percentage of total count
                 A         B        C        D         E       F
            +---------+---------+-------+---------+---------+-------
      Total |    1353 |     320 |  19.1 |      97 |      23 |  19.2
            +---------+---------+-------+---------+---------+-------
        D:1 |      39 |      11 |  22.0 |      25 |       7 |  21.9
        D:2 |      56 |       0 |   0.0 |      18 |       0 |   0.0
        D:3 |      32 |      71 |  68.9 |      17 |      13 |  43.3
        D:4 |     260 |       0 |   0.0 |      14 |       0 |   0.0
        D:5 |     401 |     238 |  37.2 |      14 |       3 |  17.6
        D:6 |     565 |       0 |   0.0 |       9 |       0 |   0.0
            +---------+---------+-------+---------+---------+-------
